 Dungeon Crawl Stone Soup version 0.26-a0-958-gf3041fb45f (webtiles) character file.

Game seed: 16149764455031750034

31 miscthings the Chiller (level 3, -1/24 HPs)
             Began as a Mummy Ice Elementalist on Dec 1, 2020.
             Slain by Sigmund
             ... wielding a +0 scythe
              (9 damage)
             ... on level 2 of the Dungeon.
             The game lasted 00:02:32 (1443 turns).

miscthings the Chiller (Mummy Ice Elementalist)     Turns: 1443, Time: 00:02:33

Health: -1/24      AC:  3    Str: 12    XL:     3   Next: 7%
Magic:  2/7        EV: 12    Int: 14    God:
Gold:   94         SH:  0    Dex: 12    Spells: 6/7 levels left

rFire    x . .     SeeInvis .   (no weapon)
rCold    + . .     Faith    .   (no shield)
rNeg     + + +     Spirit   .   a - +0 robe
rPois    ∞         Reflect  .   (no helmet)
rElec    .         Harm     .   (no cloak)
rCorr    .         Rampage  .   e - +0 pair of gloves
MR       .....                  (no boots)
Stlth    ++........             (no amulet)
HPRegen  0.08/turn              (no ring)
MPRegen  0.10/turn              (no ring)

@: no status effects
A: no potions, fire vulnerability, cold resistance 1, negative energy resistance
3, torment resistance, unbreathing
a: no special abilities


You were on level 2 of the Dungeon.
You visited 1 branch of the dungeon, and saw 2 of its levels.

You collected 94 gold pieces.

Inventory:

Armour
 a - a +0 robe (worn)
 e - a +0 pair of gloves (worn)
Jewellery
 b - a cursed -4 ring of dexterity {unknown}
Scrolls
 c - a scroll of immolation {unknown}
 d - a scroll of identify {unknown}
 f - a scroll of enchant armour {unknown}


   Skills:
 - Level 1.5 Dodging
 - Level 1.5 Stealth
 - Level 2.6 Spellcasting
 + Level 4.1 Ice Magic


You had 6 spell levels left.
You knew the following spells:

 Your Spells              Type           Power        Failure   Level
a - Freeze                Ice            ##..         4%          1

Your spell library contained the following spells:

 Spells                   Type           Power        Failure   Level
 Frozen Ramparts          Ice            ##....       12%         3
 Ozocubu's Armour         Ice            ##......     12%         3
 Hailstorm                Conj/Ice       #.......     67%         4
 Summon Ice Beast         Ice/Summ       #.......     67%         4


Dungeon Overview and Level Annotations

Branches:
Dungeon (2/15)

Altars:

Annotations:
D:2 Sigmund


Innate Abilities, Weirdness & Mutations

You do not drink.
Your flesh is vulnerable to fire.
You are immune to poison.
Your flesh is cold resistant. (rC+)
You are immune to negative energy. (rN+++)
You are immune to unholy pain and torment.
You can survive without breathing.


Message History

Sigmund barely misses you.
Casting: Freeze (safe; 4% risk of failure)
Confirm with . or Enter, or press ? or * to list all spells.
Aiming: Freeze (safe; 4% risk of failure)
Press: ? - help, Shift-Dir - straight line, f/p - Sigmund
Aim: Sigmund, wielding a +0 scythe and wearing a +0 robe (moderately wounded)
You freeze Sigmund.
Sigmund is moderately wounded.
Sigmund casts a spell at you. The puff of flame hits you!
The fire burns you terribly!
Ouch! That really hurt!
Casting: Freeze (safe; 4% risk of failure)
Confirm with . or Enter, or press ? or * to list all spells.
Aiming: Freeze (safe; 4% risk of failure)
Press: ? - help, Shift-Dir - straight line, f/p - Sigmund
Aim: Sigmund, wielding a +0 scythe and wearing a +0 robe (moderately wounded)
You freeze Sigmund.
Sigmund is heavily wounded.
Sigmund hits you with a +0 scythe!
You die...

#. #+ ### ##.#
#.#### #.. ..#
#..#.# #.# #.#
#@..#.# #.# #.##
##@# #.###.# #..#
#.## ##....# #...
##.###.###.#####..#
##.#.## #.........
##.## ##########
#.# #.# #.########
#)........


You could see Sigmund.

Vanquished Creatures
  3 dart slugs (D:1)
  2 leopard geckos (D:1)
  A ball python (D:1)
  3 goblins (D:1)
  5 hobgoblins
  5 bats (D:1)
  A frilled lizard (D:1)
  2 rats
22 creatures vanquished.

Notes
Turn   | Place    | Note
-------+----------+-------------------------------------------
     0 | D:1      | miscthings the Mummy Ice Elementalist began the quest for
                  | the Orb.
     0 | D:1      | Reached XP level 1. HP: 13/13 MP: 4/4
     2 | D:1      | Noticed a halfling
     2 | D:1      | Noticed a draconian
     4 | D:1      | Noticed a vine stalker
     6 | D:1      | Noticed a ghoul
     8 | D:1      | Noticed a demigod
     8 | D:1      | Noticed a dwarf
    10 | D:1      | Noticed a human
    10 | D:1      | Noticed a vampire
    12 | D:1      | Noticed a spriggan
    14 | D:1      | Noticed an ogre
    16 | D:1      | Noticed a tengu
    16 | D:1      | Noticed a merfolk
    18 | D:1      | Noticed a felid
    18 | D:1      | Noticed a demonspawn
    20 | D:1      | Noticed a centaur
    20 | D:1      | Noticed a formicid
    22 | D:1      | Noticed a naga
    22 | D:1      | Noticed a troll
    24 | D:1      | Noticed a minotaur
    24 | D:1      | Noticed an elf
    26 | D:1      | Noticed a gargoyle
    26 | D:1      | Noticed an octopode
   205 | D:1      | Reached XP level 2. HP: 6/19 MP: 3/5
   807 | D:1      | Reached skill level 4 in Ice Magic
  1376 | D:2      | Reached XP level 3. HP: 19/24 MP: 4/7
  1438 | D:2      | Noticed Sigmund
  1443 | D:2      | Slain by Sigmund

Illustrated notes

Levels and vault maps discovered:
D:1:      kb_arrival_jail, layout_basic
D:2:      layout_loops_ring, ashenzari_conservatory_becter,
          chequers_ecumenical_altar_twisty, uniq_sigmund

Skill      XL: |  1  2 |
---------------+-------+-----
Ice Magic      | 4 |  4.1
Dodging        | |  1.5
Stealth        | |  1.5
Spellcasting   | |  2.6

Action                   || total
-------------------------++-------
Melee: Unarmed           ||    13
 Cast: Freeze            ||    41
 Stab: Sleeping          ||     1
Armor: Robe              ||     4
Dodge: Dodged            ||    33

Table legend: (Time is in decaauts)
 A = Elapsed time spent in this place.
 B = Non-inter-level travel time spent in this place.
 C = Inter-level travel time spent in this place.
 D = Time resting spent in this place.
 E = Time spent auto-exploring this place.
 F = Levels seen in this place.
 G = Mean time per level.
                   A        B        C        D        E       F      G
               +--------+--------+--------+--------+--------+-----+--------+
         Total |   1442 |   1356 |     86 |    378 |    822 |   2 |  721.0 |
       Dungeon |   1442 |   1356 |     86 |    378 |    822 |   2 |  721.0 |
               +--------+--------+--------+--------+--------+-----+--------+

Top non-repeatable levels by time:
     D:1: 1300 daAuts
     D:2: 142 daAuts
